 Dungeon Crawl Stone Soup version 0.27.0-1-g7a089689b8 (webtiles) character file.

Game seed: 10517507896046517620

1 SnakkuSnakku7 the Ducker (level 1, -1/14 HPs)
             Began as a Merfolk Air Elementalist on Aug 14, 2021.
             Slain by a quokka (2 damage)
             ... on level 1 of the Dungeon.
             The game lasted 00:00:34 (61 turns).

SnakkuSnakku7 the Ducker (Merfolk Air Elementalist)   Turns: 61, Time: 00:00:35

Health: -1/14      AC:  2    Str:  8    XL:     1   Next: 20%
Magic:  1/3        EV: 12    Int: 14    God:
Gold:   10         SH:  0    Dex: 14    Spells: 3/4 levels left

rFire    . . .     SeeInvis .   (no weapon)
rCold    . . .     Faith    .   (no shield)
rNeg     . . .     Spirit   .   a - +0 robe
rPois    .         Reflect  .   (no helmet)
rElec    .         Harm     .   (no cloak)
rCorr    .         Rampage  .   (no gloves)
Will     .....                  (no boots)
Stlth    ++........             (no amulet)
HPRegen  0.04/turn              (no ring)
MPRegen  0.08/turn              (no ring)

@: no status effects
A: (nimble swimmer 2), mertail
a: no special abilities


You were on level 1 of the Dungeon.
You visited 1 branch of the dungeon, and saw 1 of its levels.

You collected 10 gold pieces.

Inventory:

Armour
 a - a +0 robe (worn)


   Skills:
 + Level 0.4 Fighting
 - Level 2.6 Dodging
 - Level 2.1 Stealth
 - Level 2.0 Spellcasting
 - Level 0.7 Conjurations
 - Level 2.4 Air Magic


You had 3 spell levels left.
You knew the following spells:

 Your Spells              Type           Power      Damage    Failure   Level
a - Shock                 Conj/Air       20%        1d4       13%         1

Your spell library contained the following spells:

 Spells                   Type           Power      Damage    Failure   Level
 Static Discharge         Conj/Air       5%         N/A       19%         2
 Swiftness                Air            8%         N/A       26%         3
 Airstrike                Air            4%         N/A       65%         4


Dungeon Overview and Level Annotations

Branches:
Dungeon (1/15)

Altars:


Innate Abilities, Weirdness & Mutations

((You are quick and stealthy near water. (Stealth+, EV+, Speed+++)))
Your lower body shifts to a powerful aquatic tail in water.


Message History

Unknown command.
You closely miss the jackal. The jackal closely misses you.
You miss the jackal. The jackal bites you.
Your magical contamination has completely faded away.
A bat comes into view.
The jackal barely misses you. The jackal closely misses you.
Found 10 gold pieces.
The jackal bites you. The jackal barely misses you.
Casting: Shock (safe; 13% risk of failure)
Confirm with . or Enter, or press ? or * to list all spells.
Aiming: Shock (safe; 13% risk of failure)
Press: ? - help, Shift-Dir - straight line, f - jackal
Aim: a jackal (55% to hit)
The zap hits the jackal.
The jackal is moderately wounded.
The zap misses the jackal.
The jackal bites you.
* * * LOW HITPOINT WARNING * * *
Unknown command.
Unknown command.
You see here 10 gold pieces.
You now have 10 gold pieces.
The jackal bites you.
* * * LOW HITPOINT WARNING * * *
The jackal barely misses you. The jackal barely misses you.
The jackal barely misses you. The bat barely misses you. The jackal bites you.
* * * LOW HITPOINT WARNING * * *
A kobold comes into view. It is wielding a +0 dagger.
The kobold shouts!
The jackal barely misses you.
Found 6 gold pieces and a fizzy orange potion.
A rat and a quokka come into view.
A quokka comes into view.
The bat closely misses you.
Found 16 poisoned darts.
The bat barely misses you.
The quokka twitches its whiskers.
A ball python comes into view.
The bat barely misses you. The quokka bites you.
You die...

#.S ...# #..#....
..####..# #......#
#..##...###....###
#..##.#.....#h...#
#.##.#...# #.##.# ###
#..h....####.##.#
....####h.####.........#
........bK####..###....#
...#..@r....#..##.....#
................##.....#
........................
#####..!.....####.#.....
#........# #.##...#
#...(....# # #####
#.......... .........#.


You could see a quokka, 2 jackals, a bat and a kobold.

Vanquished Creatures
  A jackal (D:1)
1 creature vanquished.

Notes
Turn   | Place    | Note
-------+----------+-------------------------------------------
     0 | D:1      | SnakkuSnakku7 the Merfolk Air Elementalist began the quest
                  | for the Orb.
     0 | D:1      | Reached XP level 1. HP: 13/13 MP: 3/3
    61 | D:1      | Slain by a quokka

Illustrated notes

Levels and vault maps discovered:
D:1:      minmay_arrival_up_and_down, layout_rooms,
          shapermc_ecumenical_altar_rom_forum

Action                   || total
-------------------------++-------
Melee: Unarmed           ||     2
 Cast: Shock             ||     3
Armor: Robe              ||     1
Dodge: Dodged            ||    19
